 Dungeon Crawl Stone Soup version 0.29.1-2-gbd0b4ee654 (webtiles) character file.

Game seed: 4463902757496382834

136 xian the Shooter (level 4, -4/25 HPs)
             Began as a Deep Elf Arcane Marksman on Oct 29, 2022.
             Was an Initiate of Makhleb.
             Killed from afar by Natasha (8 damage)
             ... with a magic dart
             ... on level 3 of the Dungeon.
             The game lasted 00:06:34 (3265 turns).

xian the Shooter (Deep Elf Arcane Marksman)         Turns: 3265, Time: 00:06:34

Health: -4/25      AC: 14    Str:  9    XL:     4   Next: 98%
Magic:  8/8        EV:  8    Int: 18    God:    Makhleb [......]
Gold:   130        SH:  0    Dex: 12    Spells: 2/6 levels left

rFire   . . .      SeeInvis +   a - +1 sling
rCold   . . .      Faith    .   (no shield)
rNeg    . . .      Spirit   .   u - +5 scale mail of Ethics {rPois Dex-3 SInv Stlth-}
rPois   +          Reflect  .   (helmet restricted)
rElec   .          Harm     .   (no cloak)
rCorr   .          Rampage  .   d - +1 pair of gloves
Will    .....      Clarity  +   m - +0 pair of boots
Stlth   ..........              (no amulet)
HPRegen 0.08/turn               n - ring of wizardry
MPRegen 0.11/turn               (no ring)

@: no status effects
A: antennae 1, clarity
a: Renounce Religion


You were on level 3 of the Dungeon.
You worshipped Makhleb.
Makhleb was noncommittal.
You visited 1 branch of the dungeon, and saw 3 of its levels.

You collected 130 gold pieces.

Inventory:

Hand Weapons
 a - a +1 sling (weapon)
 i - a +0 dagger
Missiles
 v - 2 poisoned darts
Armour
 d - a +1 pair of gloves (worn)
 h - a +0 leather armour
 m - a +0 pair of boots (worn)
 u - the +5 scale mail of Ethics (worn) {rPois Dex-3 SInv Stlth-}
   (You found it on level 3 of the Dungeon)

   Dex:       It affects your dexterity (-3).
   rPois:     It protects you from poison.
   SInv:      It lets you see invisible.
   Stlth:     It makes you less stealthy.
Magical Staves
 l - a staff of poison
Jewellery
 n - a ring of wizardry (left hand)
Scrolls
 b - a scroll of poison
 f - a scroll of fear
 g - 2 scrolls of teleportation
 k - a scroll of amnesia
 p - a scroll of vulnerability {unknown}
 q - 2 scrolls of enchant weapon {unknown}
 r - a scroll of silence {unknown}
 t - a scroll of butterflies {unknown}
Potions
 c - a potion of heal wounds {unknown}
 e - a potion of mutation
 j - 2 potions of invisibility {unknown}
 o - 3 potions of flight
 s - a potion of attraction {unknown}


   Skills:
 + Level 1.5 Fighting
 + Level 5.7 Ranged Weapons
 + Level 0.6 Armour
 + Level 2.5 Dodging
 + Level 1.7 Spellcasting
 + Level 4.5 Hexes


You had 2 spell levels left.
You knew the following spells:

 Your Spells              Type           Power      Damage    Failure   Level
a - Slow                  Hex            68%        N/A       10%         1
b - Inner Flame           Hex/Fire       9%         N/A       56%         3

Your spell library contained the following spells:

 Spells                   Type           Power      Damage    Failure   Level
 Static Discharge         Conj/Air       1%         3-4/arc   65%         2
 Portal Projectile        Hex/Tloc       18%        N/A       56%         3
 Cause Fear               Hex            8%         N/A       65%         4
 Dispel Undead            Necr           1%         3d6       99%         4
 Sticky Flame             Conj/Fire      1%         2d3       99%         4


Dungeon Overview and Level Annotations

Branches:
Dungeon (3/15)

Altars:
Makhleb

Annotations:
D:3 Natasha


Innate Abilities, Weirdness & Mutations

You have a pair of small antennae on your head.
You possess an exceptional clarity of mind.


Message History

Done exploring.
There is a burning altar of Makhleb here.
You kneel at the altar of Makhleb.
Makhleb welcomes you!
Unknown command.
Press < or > to pray at altars.
Done exploring.
Press: ? - help, . - travel You can't see that place. [the floor.] Natasha, Servant of Life and Death comes into view.
She is carrying a wand of flame (16).
Natasha hisses angrily.
Natasha zaps a wand.
The puff of flame hits you.
You shoot a sling bullet.
The sling bullet closely misses Natasha.
You shoot a sling bullet. The sling bullet hits Natasha.
Natasha is lightly wounded.
You shoot a sling bullet. The sling bullet barely misses Natasha.
Natasha hisses.
You shoot a sling bullet. The sling bullet hits Natasha.
Natasha is moderately wounded.
Natasha zaps a wand.
The puff of flame misses you. Natasha claws you.
You shoot a sling bullet. The sling bullet misses Natasha.
Natasha zaps a wand.
The puff of flame hits you.
You are too injured to fight recklessly!
You are too injured to fight recklessly!
You are too injured to fight recklessly!
You are too injured to fight recklessly!
Okay, then.
Fire: a) +1 sling
Press: ? - help, Q - select action, (/) - cycle Shift-Dir - straight line, f/p - Natasha
Aim: Natasha, carrying a wand of flame (13) (moderately wounded, 50% to hit)
You shoot a sling bullet.
The sling bullet hits Natasha but does no damage.
Natasha is moderately wounded.
Natasha zaps a wand.
The puff of flame hits you.
* * * LOW HITPOINT WARNING * * *
Natasha casts a spell at you. The magic dart hits you!
You die...

#..≈≈≈...# #.≈≈≈≈≈..# ##########
#.≈≈_≈≈..# #........# #.≈≈.≈≈..#
########.######.# #.≈≈.≈≈..####
.........# #.#####.≈≈.≈≈......
############# #.#.....≈...≈.##...
......<...<.###.......≈.8.≈.##.##
....#...........@...............#
###.#.#####..##.h....####.##.#..#
#.#.# #..##.#...## #.##.#..#
#.#.# #..##.##.### #.......#
#.#.# #...#.##...# #.#####.#
#.#.# ##..#.####.# #.#####.#
#.#.# #....## #.# #........ #.#.#
##.....###.####..###..# #.#>#
#..[....##...##..# #...


You could see Natasha.

Vanquished Creatures
  Natasha (D:3)
  4 adders
  A worm (D:3)
  4 dart slugs
  2 orcs (D:3)
  5 ball pythons
  3 bats
  4 endoplasms
  6 giant cockroaches
  5 goblins
  4 hobgoblins
  4 jackals (D:3)
  2 quokkas (D:1)
  3 frilled lizards
  2 kobolds
  11 rats
61 creatures vanquished.

Notes
Turn   | Place    | Note
-------+----------+-------------------------------------------
     0 | D:1      | xian the Deep Elf Arcane Marksman began the quest for the
                  | Orb.
     0 | D:1      | Reached XP level 1. HP: 11/11 MP: 5/5
    80 | D:1      | Reached skill level 3 in Ranged Weapons
   192 | D:1      | Reached XP level 2. HP: 16/16 MP: 6/6
   568 | D:1      | Reached skill level 1 in Fighting
   973 | D:2      | Reached XP level 3. HP: 20/20 MP: 7/7
  1286 | D:2      | Reached skill level 4 in Ranged Weapons
  1573 | D:2      | Found a faded altar of an unknown god.
  1831 | D:3      | Learned a level 3 spell: Inner Flame
  2166 | D:3      | Reached XP level 4. HP: 25/25 MP: 8/8
  2485 | D:3      | Found a burning altar of Makhleb.
  2522 | D:3      | Identified the +5 scale mail of Ethics {rPois Dex-3 SInv
                  | Stlth-}
  2761 | D:3      | Noticed Natasha
  2764 | D:3      | Gained mutation: You have a pair of small antennae on your
                  | head. [potion of mutation]
  2764 | D:3      | Gained mutation: You possess an exceptional clarity of
                  | mind. [potion of mutation]
  2779 | D:3      | Killed Natasha
  2780 | D:3      | Reached skill level 5 in Ranged Weapons
  3247 | D:3      | Became a worshipper of Makhleb the Destroyer
  3259 | D:3      | Noticed Natasha
  3265 | D:3      | Killed from afar by Natasha

Illustrated notes

Levels and vault maps discovered:
D:1:      onia_arrival_pyramid, layout_basic, nrook_mini_backslash
D:2:      layout_loops_ring, dreamdust_ecumenical_altar_hidden_monk_grotto
D:3:      minmay_chambers_of_threes, layout_loops_ring,
          mainiacjoe_overflow_catwalk, uniq_natasha

Skill      XL: |  1  2  3  4 |
---------------+-------------+-----
Ranged Weapons | 3 4 5 |  5.7
Fighting       | 1 |  1.5
Armour         | |  0.6
Dodging        | |  2.5
Spellcasting   | |  1.7
Hexes          | |  4.5

Action                   |  1- 3 |  4- 6 || total
-------------------------+-------+-------++-------
Melee: Sling             |       |     2 ||     2
 Fire: Sling             |   145 |    75 ||   220
 Cast: Slow              |     2 |     1 ||     3
  Use: Scroll            |     5 |       ||     5
       Potion            |       |     4 ||     4
Armor: Robe              |     1 |       ||     1
       Leather armour    |    32 |       ||    32
       Scale mail        |       |    59 ||    59
Dodge: Dodged            |    62 |    32 ||    94
